 Dungeon Crawl Stone Soup version 0.27.0-1-g7a089689b8 (webtiles) character file.

Game seed: 4125823315565490799

203 horus123 the Covert (level 5, -1/35 HPs)
             Began as an Octopode Brigand on Aug 8, 2021.
             Slain by an orc (7 damage)
             ... on level 3 of the Dungeon.
             The game lasted 00:03:46 (2128 turns).

horus123 the Covert (Octopode Brigand)              Turns: 2128, Time: 00:03:47

Health: -1/35      AC:  1    Str: 11    XL:     5   Next: 81%
Magic:  5/5        EV: 13    Int: 13    God:
Gold:   69         SH:  0    Dex: 14    Spells: 4/4 levels left

rFire    . . .     SeeInvis .   g - +2 dagger (elec)
rCold    . . .     Faith    .   (no shield)
rNeg     . . .     Spirit   .   (helmet restricted)
rPois    .         Reflect  .   (no amulet)
rElec    .         Harm     .   (no ring)
rCorr    .         Rampage  .   (no ring)
Will     .....                  (no ring)
Stlth    +++++.....             (no ring)
HPRegen  0.11/turn              (no ring)
MPRegen  0.09/turn              (no ring)
                                (no ring)
                                (no ring)

@: no status effects
A: almost no armour, amphibious, 8 rings, camouflage 1, gelatinous body 1,
(nimble swimmer 1), tentacles
a: no special abilities


You were on level 3 of the Dungeon.
You visited 1 branch of the dungeon, and saw 3 of its levels.

You collected 69 gold pieces.

Inventory:

Hand Weapons
 a - a +2 dagger
 g - a +2 dagger of electrocution (weapon)
Missiles
 b - 7 poisoned darts (quivered)
 c - 2 curare-tipped darts
Scrolls
 d - a scroll of noise
 e - a scroll of identify
 f - 4 scrolls of teleportation
Potions
 h - a potion of heal wounds {unknown}


   Skills:
 + Level 2.3 Fighting
 + Level 2.3 Short Blades
 + Level 2.0 Throwing
 + Level 1.1 Dodging
 * Level 9.0 Stealth


You had 4 spell levels left.
You didn't know any spells.
Your spell library was empty.

Dungeon Overview and Level Annotations

Branches:
Dungeon (3/15)

Altars:

Shops:
D:1 =


Innate Abilities, Weirdness & Mutations

You cannot wear most types of armour.
You are amphibious.
You can wear up to eight rings at the same time.
Your skin changes colour to match your surroundings (Stealth+).
Your rubbery body absorbs attacks. (AC +1, EV +1)
((You are camouflaged near water. (Stealth+)))
You have tentacles for arms and can constrict up to eight enemies at once.


Message History

You kill the hobgoblin!
The orc misses you.
An adder comes into view.
You see here a hobgoblin corpse.
You hit the adder. Lightning courses through the adder!
You kill the adder!
The orc barely misses you.
Your Stealth skill increases to level 9!
You barely miss the orc. You grab the orc. You squeeze the orc.
You kill the orc!
You hit the orc. Your grab misses the orc.
The orc is moderately wounded.
The orc hits you with a +0 dagger.
You hit the orc. Your grab misses the orc. Your squeeze misses the orc.
The orc is severely wounded.
The orc hits you with a +0 dagger.
You hit the orc.
You kill the orc!
You hit the orc. Lightning courses through the orc!!
You kill the orc!
You start resting.
An orc comes into view. It is wielding a +0 flail.
Throw: 8 darts (poison)
Press: ? - help, Q - select action, (/) - cycle Shift-Dir - straight line, f - orc
Aim: an orc, wielding a +0 flail and wearing a +0 ring mail (wandering, hasn't noticed you, 64% to hit)
You throw a poisoned dart.
The poisoned dart barely misses the orc.
The orc shouts!
You hear a shout!
A giant cockroach comes into view.
You closely miss the orc. You grab the orc.
You squeeze the orc, but do no damage. You constrict the orc.
The orc hits you with a +0 flail!
* * * LOW HITPOINT WARNING * * *
An orc priest comes into view. It is wielding a +0 whip.
You release your grip on the orc.
You hit the orc but do no damage. You grab the orc.
The orc is lightly wounded.
You constrict the orc. The orc hits you with a +0 flail!
You die...

#. #.#...#
##.##.#...# ..
......# #.
#.#..#
#.##.#..#
#.o†.o..#
####.#.####
#(..Bo.#
##########.##@#
.........#.##.#
########...##.#
##..###.#
##...# #.#
##.###.##.#
#.## #.#.#
########.# .#.#
.........##
#...#


You could see an orc priest, an orc and a giant cockroach.

Vanquished Creatures
  An ogre (D:2)
  A hound (D:3)
  5 adders
  A worm (D:2)
  A dart slug (D:1)
  4 orcs (D:3)
  4 bats (D:1)
  2 endoplasms (D:1)
  A giant cockroach (D:2)
  A goblin (D:1)
  4 hobgoblins
  2 jackals (D:1)
  A quokka (D:1)
  2 ball pythons
  2 kobolds (D:1)
  5 rats
37 creatures vanquished.

Notes
Turn   | Place    | Note
-------+----------+-------------------------------------------
     0 | D:1      | horus123 the Octopode Brigand began the quest for the Orb.
     0 | D:1      | Reached XP level 1. HP: 14/14 MP: 1/1
    77 | D:1      | Found Enkozigi's Jewellery Shop.
   315 | D:1      | Reached XP level 2. HP: 19/19 MP: 2/2
   331 | D:1      | Reached skill level 6 in Stealth
   463 | D:1      | Found a faded altar of an unknown god.
  1011 | D:2      | Reached XP level 3. HP: 24/24 MP: 3/3
  1363 | D:2      | Noticed an ogre
  1371 | D:2      | Killed an ogre
  1372 | D:2      | Reached skill level 8 in Stealth
  1372 | D:2      | Reached XP level 4. HP: 10/30 MP: 4/4
  1372 | D:2      | Reached XP level 5. HP: 12/35 MP: 5/5
  2105 | D:3      | Reached skill level 9 in Stealth
  2128 | D:3      | Slain by an orc

Illustrated notes

Levels and vault maps discovered:
D:1:      dpeg_arrival_oval, layout_basic, serial_shops,
          nicolae_shop_temple_entry_statues_fountains,
          chequers_ecumenical_altar_simple, dk_noncrumbling_2
D:2:      layout_loops_cross
D:3:      layout_loops_ring, serial_bayou_pond_e, uniq_sigmund

Skill      XL: |  1  2  3  4  5 |
---------------+----------------+-----
Stealth        | 6 8 9 |  9.0
Fighting       | |  2.3
Short Blades   | |  2.3
Throwing       | |  2.0
Dodging        | |  1.1

Action                   |  1- 3 |  4- 6 || total
-------------------------+-------+-------++-------
Melee: Dagger            |    46 |    27 ||    73
       Constrict         |     6 |     8 ||    14
       Tentacles         |     3 |     5 ||     8
Throw: Dart              |       |     1 ||     1
  Use: Scroll            |       |     2 ||     2
 Stab: Sleeping          |    13 |     3 ||    16
Armor: Skin              |     4 |     1 ||     5
Dodge: Dodged            |    12 |    10 ||    22
